 Dungeon Crawl Stone Soup version 0.31.0-1-g2c135a008e (webtiles) character file.

Game seed: 2155977480822439899

163 qw the Shooter (level 5, 0/40 HPs)
             Began as a Djinni Hunter on Jan 24, 2024.
             Slain by an orc
             ... wielding a +0 flail
              (8 damage)
             ... on level 3 of the Dungeon.
             The game lasted 00:00:05 (1745 turns).

qw the Shooter (Djinni Hunter)                      Turns: 1745, Time: 00:00:06

Health: 0/40       AC:  3    Str: 10    XL:     5   Next: 72%
Gold:   79         EV: 13    Int: 10    God:
                   SH:  0    Dex: 19

rFire   + + .        a - +0 shortbow
rCold   x . .        (shield currently unavailable)
rNeg    . . .        d - +0 troll leather armour
rPois   inf          (no helmet)
rElec   .            (no cloak)
rCorr   .            (no gloves)
SInv    .            (boots unavailable)
Will    .....        (no amulet)
Stlth   ++           (no ring)
HPRegen 1.06/turn    (no ring)
MPRegen 0.00/turn

%: infuse magic (-1 HP)
@: flying
A: sickness immunity, fire resistance 2, cold vulnerability 1, float, innate
caster, HP casting, extra vitality 1
a: no special abilities


You were on level 3 of the Dungeon.
You visited 1 branch of the dungeon, and saw 3 of its levels.

You collected 79 gold pieces.


Innate Abilities, Weirdness & Mutations

You are immune to sickness and miasma.
You are immune to poison.
Your flesh is very heat resistant. (rF++)
You are vulnerable to cold. (rC-)
You float through the air rather than walking.
You learn spells naturally, not from books.
Your magical power is your life essence.
You have superior vitality. (+4 MHP)


   Skills:
 - Level 3.2 Fighting
 + Level 4.7 Ranged Weapons
 - Level 3.0 Dodging
 - Level 0.7 Stealth


You knew the following spells:

 Your Spells              Type           Power      Damage    Failure   Level
a - Sting                 Conj/Alch      0%         1d3       45%         1
b - Blink                 Tloc           0%         N/A       61%         2
Your spell library was empty.

Inventory:

Hand Weapons
 a - a +0 shortbow (weapon)
Armour
 d - a +0 troll leather armour (worn)
Jewellery
 b - a ring of wizardry
Wands
 e - a wand of flame (24)
Potions
 c - a potion of curing {unknown}
 f - a potion of might

Dungeon Overview and Level Annotations

Branches:
Dungeon (3/15)

Altars:


Message History

The orc barely misses you. The orc closely misses you.
You shoot an arrow. The arrow closely misses the orc.
The orc hits you with a +0 flail!
The orc hits you with a +2 dagger of protection. x2
The orc hits you with a +0 flail!
You shoot an arrow.
The arrow hits the orc but does no damage.
The orc closely misses you.
The orc hits you with a +2 dagger of protection.
You shoot an arrow.
The arrow hits the orc but does no damage.
The orc hits you with a +0 flail. The orc closely misses you.
You shoot an arrow.
The arrow hits the orc but does no damage.
The orc misses you.
The orc hits you with a +2 dagger of protection.
You shoot an arrow. The arrow barely misses the orc.
The orc barely misses you.
The orc hits you with a +2 dagger of protection.
You shoot an arrow. The arrow hits the orc.
The orc is heavily wounded.
The orc closely misses you. x2
The orc hits you with a +2 dagger of protection.
The orc misses you.
You shoot an arrow. The arrow hits the orc.
You kill the orc!
The orc barely misses you.
You shoot an arrow. The arrow hits the orc.
The orc is moderately wounded.
The orc hits you with a +2 mace of protection.
The orc barely misses you.
You shoot an arrow.
The arrow hits the orc but does no damage.
The orc is moderately wounded.
The orc barely misses you. The orc misses you.
You shoot an arrow.
The arrow hits the orc but does no damage.
The orc is moderately wounded.
The orc barely misses you. The orc hits you with a +0 flail!
You die...

..# #.# #.# #.# #.#
#.# ####%##
#############......
#o@.........'......
#o###########......
#. ............).
#. #########.#.##
'#. #.#.# .. #.#.##
.. ..#... ..
##########.#.
......(......


You could see 2 orcs.

Vanquished Creatures
  Jessica (D:2)
  Terence (D:2)
  An orc wizard (D:3)
  2 adders
  A ribbon worm (D:3)
  2 dart slugs
  2 orcs (D:3)
  3 ball pythons
  2 endoplasms
  3 giant cockroaches
  5 goblins
  2 hobgoblins
  7 jackals (D:2)
  6 kobolds
  6 quokkas
  5 bats
  5 frilled lizards
  5 rats
59 creatures vanquished.

Notes
Turn   | Place    | Note
-------+----------+-------------------------------------------
     0 | D:1      | qw the Djinni Hunter began the quest for the Orb.
     0 | D:1      | Reached XP level 1. HP: 18/18 MP: 0/0
     0 | D:1      | 0 ||| qw: Version: 0.3-a-136-gdd3b4e8
     0 | D:1      | 0 ||| qw: Game counter: 1306
     0 | D:1      | 0 ||| qw: Melee chars always use a shield: true
     0 | D:1      | 0 ||| qw: God list: Okawaru
     0 | D:1      | 0 ||| qw: Allow faded altars: false
     0 | D:1      | 0 ||| qw: Do Orc after clearing Dungeon:15 true
     0 | D:1      | 0 ||| qw: Do second Lair branch before Depths: true
     0 | D:1      | 0 ||| qw: Lair rune preference: random
     0 | D:1      | 0 ||| qw: Goals: Normal
     0 | D:1      | 0 ||| PLANNING D:1-11
     9 | D:1      | 9 ||| UPGRADING to +0 troll leather armour.
    22 | D:1      | 22 ||| DROPPING +0 leather armour.
   112 | D:1      | Reached XP level 2. HP: 23/23 MP: 0/0
   278 | D:1      | Reached XP level 3. HP: 28/28 MP: 0/0
   278 | D:1      | Learned a level 1 spell: Sting
   322 | D:1      | Reached skill level 4 in Ranged Weapons
   537 | D:1      | 537 ||| READING scroll labelled LIMPOA TENOD.
   538 | D:1      | 538 ||| READING scroll labelled OMUUPID UGHYAS.
   538 | D:1      | 538 ||| IDENTIFYING yellow potion
   539 | D:1      | 539 ||| READING scroll labelled PUZOVV RELIO.
   540 | D:1      | 540 ||| DROPPING scroll of butterflies.
   612 | D:2      | Noticed Jessica
   616 | D:2      | Killed Jessica
   617 | D:2      | Reached skill level 3 in Fighting
   617 | D:2      | Reached XP level 4. HP: 35/35 MP: 0/0
   812 | D:2      | Reached skill level 3 in Dodging
   937 | D:2      | Noticed Terence
   954 | D:2      | Killed Terence
   955 | D:2      | Reached XP level 5. HP: 13/40 MP: 0/0
   955 | D:2      | Learned a level 2 spell: Blink
  1425 | D:2      | 1425 ||| READING scroll of identify.
  1425 | D:2      | 1425 ||| IDENTIFYING scroll labelled CUSEOT MECW
  1426 | D:2      | 1426 ||| READING 2 scrolls labelled ZEREL GYQUURI.
  1527 | D:2      | 1527 ||| DROPPING scroll of vulnerability.
  1528 | D:2      | 1528 ||| DROPPING scroll of blinking.
  1738 | D:3      | HP: 9/40 [orc/+0 flail (5)]
  1743 | D:3      | HP: 5/40 [orc/+2 mace of protection (4)]
  1745 | D:3      | Slain by an orc

Levels and vault maps discovered:
D:1:      beargit_arrival_greenhouse, layout_loops_ring
D:2:      layout_basic, grunt_ministairs_8, minmay_heptomino_w4, uniq_jessica,
          uniq_terence
D:3:      layout_basic, uniq_grinder

Skill      XL: |  1  2  3  4 |
---------------+-------------+-----
Ranged Weapons | 4 |  4.7
Fighting       | 3 |  3.2
Dodging        | 3 |  3.0
Stealth        | |  0.7

Action                     |  1- 3 |  4- 6 || total
---------------------------+-------+-------++-------
   Fire: Shortbow          |    67 |   124 ||   191
    Use: Scroll            |     3 |     2 ||     5
 Armour: Skin              |     1 |       ||     1
         Troll leather arm |     2 |    52 ||    54
  Dodge: Dodged            |    10 |    64 ||    74

Table legend:
 A = Non-vault XP
 B = Vault XP
 C = Vault XP percentage of total XP
 D = Non-vault monster count
 E = Vault monster count
 F = Vault count percentage of total count
                 A         B        C        D         E       F
            +---------+---------+-------+---------+---------+-------
      Total |     138 |      95 |  40.8 |      44 |      15 |  25.4
            +---------+---------+-------+---------+---------+-------
        D:1 |      43 |       0 |   0.0 |      25 |       0 |   0.0
        D:2 |      30 |      95 |  76.0 |      10 |      15 |  60.0
        D:3 |      65 |       0 |   0.0 |       9 |       0 |   0.0
            +---------+---------+-------+---------+---------+-------
